 Dungeon Crawl Stone Soup version 0.21.0-24-g2553a33 (webtiles) character file.

22 tidbits the Grave Robber (level 2, -5/20 HPs)
             Began as a Gnoll Necromancer on Jan 20, 2018.
             Slain by a centaur (7 damage)
             ... on level 2 of the Dungeon.
             The game lasted 00:02:24 (265 turns).

tidbits the Grave Robber (Gnoll Necromancer)         Turns: 265, Time: 00:02:25

Health: -5/20      AC:  2    Str: 10    XL:     2   Next: 91%
Magic:  7/7        EV: 14    Int: 17    God:
Gold:   22         SH:  0    Dex: 15    Spells: 8/10 levels left

rFire    . . .     SeeInvis .   d - +0 dagger
rCold    . . .     Gourm    .   (no shield)
rNeg     . . .     Faith    .   a - +0 robe
rPois    .         Spirit   .   (no helmet)
rElec    .         Reflect  .   (no cloak)
rCorr    .         Harm     .   (no gloves)
MR       .....                  (no boots)
Stlth    +++.......             (no amulet)
HPRegen  0.06/turn              (no ring)
MPRegen  0.10/turn              (no ring)

@: flying
A: distributed training, fangs 1, strong nose
a: no special abilities


You were on level 2 of the Dungeon.
You were not hungry.

You visited 1 branch of the dungeon, and saw 2 of its levels.

You collected 22 gold pieces.

Inventory:

Hand Weapons
 d - a +0 dagger (weapon)
 g - a +1 whip of holy wrath
   (You took it off a kobold on level 1 of the Dungeon)
 i - a +0 hunting sling
Armour
 a - a +0 robe (worn)
 f - a +0 buckler
Scrolls
 e - a scroll of enchant armour {unknown}
Books
 b - a book of Necromancy

   Spells                             Type                      Level
   a - Pain                           Necromancy                   1
   b - Animate Skeleton               Necromancy                   1
   c - Vampiric Draining              Necromancy                   3
   d - Regeneration                   Charms/Necromancy            3
   e - Animate Dead                   Necromancy                   4
   f - Borgnjor's Vile Clutch         Necromancy/Earth             5
Comestibles
 c - 2 rations


   Skills:
 + Level 0.5 Fighting
 + Level 0.5 Short Blades
 + Level 0.5 Long Blades
 + Level 0.5 Axes
 + Level 0.5 Maces & Flails
 + Level 0.5 Polearms
 + Level 0.5 Staves
 + Level 0.5 Slings
 + Level 0.5 Bows
 + Level 0.5 Crossbows
 + Level 0.5 Throwing
 + Level 0.5 Armour
 + Level 4.5 Dodging
 + Level 4.1 Stealth
 + Level 0.5 Shields
 + Level 0.5 Unarmed Combat
 + Level 4.9 Spellcasting
 + Level 0.4 Conjurations
 + Level 0.4 Hexes
 + Level 0.4 Charms
 + Level 0.4 Summonings
 + Level 7.0 Necromancy
 + Level 0.4 Translocations
 + Level 0.4 Transmutations
 + Level 0.4 Fire Magic
 + Level 0.4 Ice Magic
 + Level 0.4 Air Magic
 + Level 0.4 Earth Magic
 + Level 0.4 Poison Magic
 + Level 0.7 Invocations
 + Level 0.5 Evocations


You had 8 spell levels left.
You knew the following spells:

 Your Spells              Type           Power        Failure   Level  Hunger
a - Pain                  Necr           ####         1%          1    None
n - Animate Skeleton      Necr           N/A          1%          1    None


Dungeon Overview and Level Annotations

Branches:
Dungeon (2/15)

Altars:


Innate Abilities, Weirdness & Mutations

Your experience applies equally to all skills.
You have very sharp teeth.
Your uncanny sense of smell can sniff out nearby items.


Message History

A frilled lizard comes into view.
A frilled lizard comes into view.
The frilled lizard hisses angrily.
There is an open door here.
Casting: Pain
Confirm with . or Enter, or press ? or * to list all spells.
You can't see any susceptible monsters within range! (Use Z to cast anyway.)
Casting: Pain
Confirm with . or Enter, or press ? or * to list all spells.
Aiming: Pain
Press: ? - help, Shift-Dir - straight line, f - frilled lizard
Aim: a frilled lizard (chance to defeat MR: 93%)
The frilled lizard writhes in agony!
You kill the frilled lizard!
You hit the frilled lizard but do no damage.
The frilled lizard closely misses you.
You barely miss the frilled lizard. The frilled lizard closely misses you.
You barely miss the frilled lizard. The frilled lizard misses you.
You hit the frilled lizard.
You kill the frilled lizard!
Casting: Pain
Confirm with . or Enter, or press ? or * to list all spells.
You can't see any susceptible monsters within range! (Use Z to cast anyway.)
Found a hunting sling.
A leopard gecko and a bat come into view.
Casting: Pain
Confirm with . or Enter, or press ? or * to list all spells.
Aiming: Pain
Press: ? - help, Shift-Dir - straight line, f - bat
Aim: a bat (resting, chance to defeat MR: 93%)
The bat writhes in agony!
You kill the bat!
A rat comes into view.
Casting: Pain
Confirm with . or Enter, or press ? or * to list all spells.
Aiming: Pain
Press: ? - help, Shift-Dir - straight line, f - leopard gecko
Aim: a leopard gecko (resting, chance to defeat MR: 93%)
The leopard gecko writhes in agony!
You kill the leopard gecko!
You see here a hunting sling.
You hit the rat.
You kill the rat!
You see here a hunting sling.
i - a hunting sling You open the door.
There is an open door here.
You see here 20 stones.
You open the door.
There is an open door here.
A giant cockroach and a goblin come into view.
Unknown command.
The helpless goblin fails to defend itself.
You puncture the goblin!
You kill the goblin!
Casting: Pain
Confirm with . or Enter, or press ? or * to list all spells.
Aiming: Pain
Press: ? - help, Shift-Dir - straight line, f - giant cockroach
Aim: a giant cockroach (clinging, chance to defeat MR: 93%)
The giant cockroach writhes in agony!
The giant cockroach misses you.
Casting: Pain
Confirm with . or Enter, or press ? or * to list all spells.
Aiming: Pain
Press: ? - help, Shift-Dir - straight line, f/p - giant cockroach
Aim: a giant cockroach (severely wounded, clinging, chance to defeat MR: 93%)
The giant cockroach writhes in agony!
You kill the giant cockroach!
You see here a giant cockroach corpse.
You open the door.
Found a ration.
There is an open door here.
Found a hand axe.
You see here a ration.
c - 2 rations (gained 1)
You open the door.
There is an open door here.
Casting: Pain
Confirm with . or Enter, or press ? or * to list all spells.
You don't know that spell.
Okay, then.
There is a stone staircase leading down here.
You climb downwards.
There is a stone staircase leading up here.
Unknown command.
Unknown command.
A leopard gecko and a centaur come into view.
The centaur shouts!
The leopard gecko hisses angrily.
The centaur wields a shortbow.
The centaur shoots an arrow.
The arrow hits you.
* * * LOW HITPOINT WARNING * * *
You see here an arrow.
It was a potion of flight.
You feel very buoyant.
You fly up into the air.
A worm comes into view.
The centaur unwields an uncursed shortbow.
The centaur hits you.
* * * LOW HITPOINT WARNING * * *
The centaur hits you!
You die...

#######
#.....#
#..<.(#######
#............
∆∆
#......#####
#.......####
#######..@.#
####c# l# .#
.# w# .. ##


You could see a centaur, a worm and a leopard gecko.

Vanquished Creatures
  A dart slug (D:1)
  2 leopard geckos (D:1)
  A giant cockroach (D:1)
  2 goblins (D:1)
  2 hobgoblins (D:1)
  5 bats (D:1)
  4 frilled lizards (D:1)
  2 kobolds (D:1)
  A rat (D:1)
20 creatures vanquished.

Notes
Turn   | Place    | Note
-------+----------+-------------------------------------------
     0 | D:1      | tidbits the Gnoll Necromancer began the quest for the Orb.
     0 | D:1      | Reached XP level 1. HP: 13/13 MP: 6/6
    61 | D:1      | Reached XP level 2. HP: 12/19 MP: 4/7
    65 | D:1      | Learned a level 1 spell: Animate Skeleton
   261 | D:2      | Noticed a centaur
   265 | D:2      | HP: 2/20 [centaur (3)]
   265 | D:2      | Slain by a centaur

Action                   || total
-------------------------++-------
Melee: Dagger            ||     7
 Cast: Pain              ||    23
  Use: Potion            ||     1
 Stab: Sleeping          ||     2
Armor: Robe              ||     2
Dodge: Dodged            ||     5

Table legend:
 A = Turns spent in this place as a percentage of turns spent in the entire game.
 B = Non-inter-level travel turns spent in this place as a percentage of non-inter-level travel turns spent in the entire game.
 C = Inter-level travel turns spent in this place as a percentage of turns spent in this place.
 D = Turns resting spent in this place as a percentage of non-inter-level travel turns spent in this place.
 E = Turns spent auto-exploring this place as a percentage of non-inter-level travel turns spent in this place.
 F = Non-inter-level travel turns spent in this place divided by the number of levels of this place that you've seen.
                   A       B       C       D       E      F
               +-------+-------+-------+-------+-------+----------------------
         Total | 100.0 | 100.0 |   0.0 |   0.0 |   0.0 | 132.5
       Dungeon | 100.0 | 100.0 |   0.0 |   0.0 |   0.0 | 132.5
               +-------+-------+-------+-------+-------+----------------------

Table legend:
 A = Kills in this place as a percentage of kills in entire the game.
 B = Kills by you in this place as a percentage of kills by you in the entire game.
 C = Kills by friends in this place as a percentage of kills by friends in the entire game.
 D = Other kills in this place as a percentage of other kills in the entire game.
 E = Experience gained in this place as a percentage of experience gained in the entire game.
 F = Experience gained in this place divided by the number of levels of this place that you have seen.
                   A       B       C       D       E      F
               +-------+-------+-------+-------+-------+----------------------
         Total | 100.0 | 100.0 |   N/A |   N/A | 100.0 |  16.0
       Dungeon | 100.0 | 100.0 |   N/A |   N/A | 100.0 |  16.0
               +-------+-------+-------+-------+-------+----------------------

Vault maps used:
D:1:      mrwooster_arrival_statue_3
D:2:      chequers_ecumenical_altar_simple_redux
